Map: Ruins of Endion

Players

iNsane - Winner!

  • Race: Zerg Zerg
  • League: Master

Miszu

  • Race: Terran Terran
  • League: Grandmaster

VOD

Have the link to the VOD?

Description

Time

  • Played on: May 17, 2016, 8:23 a.m.
  • Length: 4:22
Show
View Real Time Build Order
Export as new Build Order

iNsane Zerg - Winner!

Build Orders: Hatch First, Zergling Baneling 

Get SALT Encoding   

  12  0:01  Drone  
  13  0:13  Overlord  
  13  0:18  Drone  
  14  0:32  Drone  
  14  0:33  Drone  
  16  0:37  Drone  
  17  0:52  Hatchery  
  17  0:56  Drone  
  17  0:59  Extractor  
  17  1:01  Drone  
  17  1:14  Spawning Pool  
  17  1:18  Drone  
  17  1:22  Drone  
  18  1:30  Drone  
  19  1:40  Overlord  
  19  2:01  Metabolic Boost, Queen  
  19  2:03  Zergling x4  
  19  2:07  Queen  
  25  2:12  Drone  
  25  2:13  Drone  
  27  2:17  Drone  
  28  2:29  Drone x2  
  29  2:31  Extractor  
  29  2:39  Overlord  
  29  2:45  Baneling Nest  
  29  2:47  Evolution Chamber  
  29  2:50  Zergling x2  
  29  2:51  Zergling x2  
  29  2:57  Zergling x4  
  31  3:03  Overlord  
  31  3:07  Zergling x2  
  32  3:13  Zergling x6  
  34  3:28  Zergling x10  
  39  3:35  Zergling x4  
  39  3:40  Zergling x2  
  42  3:46  Baneling  
  42  3:47  Baneling x5  
  42  3:51  Baneling x2  
  42  3:52  Baneling  
  42  3:53  Zergling x2  
  43  4:00  Zergling x4  
Show
View Real Time Build Order
Export as new Build Order

Miszu Terran 

Build Orders: Reaper Expand 

Get SALT Encoding   

  12  0:00  SCV  
  13  0:12  SCV  
  14  0:17  Supply Depot  
  14  0:25  SCV  
  15  0:39  SCV  
  15  0:40  Barracks  
  16  0:43  Refinery  
  16  0:51  SCV  
  17  1:05  SCV  
  18  1:18  SCV  
  19  1:27  Reaper  
  19  1:31  Orbital Command  
  20  1:41  Command Center  
  20  1:50  Supply Depot  
  20  1:56  SCV  
  21  2:04  Factory  
  21  2:09  SCV  
  21  2:12  Refinery  
  22  2:21  SCV  
  24  2:30  Barracks Reactor  
  24  2:33  SCV  
  24  2:47  SCV  
  25  2:53  Orbital Command  
  25  2:55  Starport  
  25  2:59  SCV  
  26  3:12  SCV  
  27  3:14  Supply Depot  
  27  3:15  Barracks Tech Lab  
  27  3:17  Hellion x2  
  27  3:19  SCV  
  32  3:24  SCV  
  33  3:31  SCV  
  33  3:36  SCV  
  33  3:40  Hellion x2  
  41  3:43  Supply Depot, SCV  
  41  3:45  Barracks Reactor  
  41  3:48  SCV  
  43  3:57  SCV  
  44  4:06  Command Center  
  44  4:10  SCV  
Tags
 
Add a new tag
Caveats
  • Supply blocks, unpowered buildings, or Contaminate may cause inaccurate times.
  • Supply counts are checked every 10 seconds.